 Dungeon Crawl Stone Soup version 0.14-a0-1388-g200237c (webtiles) character file.

3319 4tharraofdagon the Adept (level 10, -23/63 HPs)
             Began as a Human Conjurer on Dec 9, 2013.
             Was a Believer of Sif Muna.
             Killed from afar by Erica (25 damage)
             ... with an orb of energy
             ... on Level 9 of the Dungeon.
             The game lasted 00:28:59 (3032 turns).

4tharraofdagon the Adept (Human Conjurer)           Turns: 3032, Time: 00:28:59

HP -23/63        AC 12     Str  6      XL: 10   Next: 11%
MP   4/24        EV  9     Int 19      God: Sif Muna [**....]
Gold 267         SH 10     Dex 14      Spells:  3 memorised, 12 levels left

rFire  . . .     SeeInvis .     n - +1,+3 short sword (protect)
rCold  . . .     Clarity  .     I - +0 elf leather armour
rNeg   . . .     Conserve .     a - +0 buckler
rPois  .         rCorr    .     J - +2 helmet
rElec  .         rRot     .     y - +0 cloak
SustAb . .       Spirit   .     (no gloves)
rMut   .         Warding  .     (no boots)
Saprov . . .     Stasis   .     (no amulet)
                                o - ring of flight
                                t - ring of wizardry

@: about to teleport, mildly poisoned, quite resistant to hostile enchantments,
unstealthy
A: hooves 1, carnivore 1, magic resistance 1, weak 1, wild magic 1
a: Channel Energy, Forget Spell, Renounce Religion, Evoke Flight


You were on level 9 of the Dungeon.
You worshipped Sif Muna.
Sif Muna was pleased with you.
You were not hungry.

You visited 1 branch of the dungeon, and saw 10 of its levels.

You collected 295 gold pieces.
You spent 28 gold pieces at shops.

Inventory:

Hand weapons
 n - a +1,+3 short sword of protection (weapon)
 D - a +1 elven blowgun
Missiles
 m - 10 darts of dispersal (quivered)
Armour
 a - a +0 buckler (worn)
 y - a +0 cloak (worn)
 I - a +0 elven leather armour (worn)
 J - a +2 helmet (worn)
Magical devices
 d - a wand of paralysis (10)
 h - a wand of hasting (5)
 C - a wand of random effects (7)
 G - a wand of cold (3)
Comestibles
 b - 3 bread rations
 B - 4 meat rations
Scrolls
 e - 4 scrolls of immolation
 f - a scroll of enchant weapon I {unknown}
 g - 2 scrolls of blinking {unknown}
 j - a scroll of enchant armour {unknown}
 l - a scroll of curse jewellery {unknown}
 q - 2 scrolls of noise {unknown}
 r - a scroll of identify
 s - 2 scrolls of random uselessness {unknown}
 x - 5 scrolls of remove curse {unknown}
 K - a scroll of curse weapon {unknown}
Jewellery
 o - a ring of flight (right hand)
 t - a ring of wizardry (left hand)
Potions
 v - a potion of agility
 w - 8 potions of curing
 z - a potion of might
 A - 3 potions of restore abilities
 E - a potion of speed
Books
 c - a book of Conjurations

   Spells                             Type                      Level
   *Magic Dart                        Conjuration                  1
   Searing Ray                        Conjuration                  2
   Dazzling Spray                     Conjuration/Hexes            3
   *Iskenderun's Mystic Blast         Conjuration                  4
   *Iskenderun's Battlesphere         Conjuration/Charms           4
   Fulminant Prism                    Conjuration/Hexes            5


   Skills:
 - Level 2.0 Dodging
 - Level 2.0 Stealth
 - Level 3.0 Shields
 + Level 6.3 Spellcasting
 + Level 8.6 Conjurations
 * Level 9.0 Invocations


You had 12 spell levels left.
You knew the following spells:

 Your Spells              Type           Power        Failure   Level  Hunger
a - Magic Dart            Conj           ####         1%          1    None
b - Iskenderun's Battles  Conj/Chrm      ####....     13%         4    ####...
c - Iskenderun's Mystic   Conj           ######..     3%          4    ####...


Dungeon Overview and Level Annotations

Branches:
Dungeon (10/16)            Temple (0/1) D:7
    Orc: D:9-12        Lair: D:8-11

Altars:
Okawaru
Sif Muna
Trog
Xom

Shops:
D:5 *+

Annotations:
D:3 Blork the orc
D:5 Edmund; shugdite's ghost, average MiFi


Innate Abilities, Weirdness & Mutations

You have large cloven feet.
Your digestive system is specialised to digest meat.
You are resistant to hostile enchantments.
You are weak. (Str -2)
Your spells are a little harder to cast, but a little more powerful.


Message History

Unknown command.
You hear some strange, mumbled words.
The orb of energy hits you!
Ouch! That really hurt!
* * * LOW HITPOINT WARNING * * *
Unknown command.
Drink which item? (? for menu, Esc to quit)
You feel much better.
You hear some strange, mumbled words.
The bolt of poison hits the gnoll.
The gnoll is poisoned.
The gnoll dies!
The bolt of poison hits you!
You are poisoned.
* * * LOW HITPOINT WARNING * * *
Read which item? (? for menu, Esc to quit)
As you read the scroll of teleportation, it crumbles to dust.
You feel strangely unstable.
You hear some strange, mumbled words.
The orb of energy hits you!
You die...

#........###.. ######
#.#####..###..
#....#########.#...........
#######.#<........##.#.########.#
#.........#######.##.#.#........#
##........'....#..#..#)#.....#.##
#.#.##...####.#.#####'#.........
#....######.#.# #.).(..#.....
#...##.....##.#@# #..)...+....#
### ### #.##.#)# #......###..# #
#%.>.#'####......#....# #.###
#.%......##......#.#.## ...
#%#......##......#.#.##
##.####.#.>....##......# ..##
#.......#.####.##......# ####
#.#####.)####.####.######### #
#......)....#.#....###### #


There were no monsters in sight!

Vanquished Creatures
  Erolcha (D:9)
  A hill giant (D:10)
  A two-headed ogre (D:10)
  An ice beast (D:7)
  2 sky beasts
  4 ogres
  2 big kobolds
  2 gnoll sergeants
  3 giant frogs
  An eye of draining (D:8)
  A hippogriff zombie (D:5)
  2 crimson imps
  A goliath beetle (D:6)
  A centaur skeleton (D:8)
  An orc priest (D:7)
  3 jellies
  3 orc wizards
  2 scorpions
  3 worker ants
  A mottled dragon skeleton (D:8)
  A sky beast zombie (D:7)
  7 adders
  14 gnolls
  A giant mite (D:4)
  A worm (D:8)
  An iguana skeleton (D:7)
  4 giant geckos
  An ooze (D:3)
  7 orcs
  3 ball pythons
  A bat zombie (D:7)
  5 giant cockroaches
  8 goblins
  6 hobgoblins
  3 jackals (D:4)
  15 kobolds
  3 quokkas
  7 bats
  2 giant newts
  A hobgoblin skeleton (D:5)
  9 rats
  A rat zombie (D:6)
  3 butterflies (D:7)
140 creatures vanquished.

Vanquished Creatures (others)
  A gnoll (D:9)
1 creature vanquished.

Grand Total: 141 creatures vanquished

Notes
Turn   | Place    | Note
--------------------------------------------------------------
     0 | D:1      | 4tharraofdagon, the Human Conjurer, began the quest for the Orb.
     0 | D:1      | Reached XP level 1. HP: 13/13 MP: 3/3
    68 | D:1      | Reached XP level 2. HP: 16/19 MP: 0/4
   145 | D:2      | Found a bloodstained altar of Trog.
   155 | D:2      | hmm
   253 | D:2      | Reached XP level 3. HP: 8/24 MP: 0/6
   585 | D:2      | Found a bloodstained altar of Trog.
   713 | D:3      | Reached XP level 4. HP: 30/30 MP: 5/8
   807 | D:3      | Learned a level 4 spell: Iskenderun's Battlesphere
   811 | D:3      | dck: wait
   820 | D:3      | 4tharraofdagon: what
   820 | D:3      | dck: how many runes are we going for?
   820 | D:3      | dck: just 3 right?
   820 | D:3      | 4tharraofdagon: hmm
   820 | D:3      | dck: 15 rune games get a bit boring for me
   820 | D:3      | 4tharraofdagon: can be 3
   820 | D:3      | Mulzaro: :DD
   820 | D:3      | 4tharraofdagon: where is bastard already
   820 | D:3      | 4tharraofdagon: lair?
   863 | D:3      | dck: graveyard probably
   872 | D:3      | Reached skill level 5 in Conjurations
   873 | D:3      | dck: good luck!
   886 | D:3      | Noticed Blork the orc
   936 | D:3      | Found a deep blue altar of Sif Muna.
   944 | D:3      | Became a worshipper of Sif Muna the Loreminder
   945 | D:3      | Mulzaro: Blork has an island :3
   989 | D:3      | zkyp: :3 :3 :3 :3 :3 :3 :3 :3 :3 :3 :3 :3 :3
  1051 | D:4      | Found a shimmering altar of Xom.
  1126 | D:5      | Entered Level 5 of the Dungeon
  1129 | D:5      | Noticed shugdite's ghost (average MiFi)
  1137 | D:5      | Reached XP level 5. HP: 29/35 MP: 1/11
  1220 | D:4      | Learned a level 4 spell: Iskenderun's Mystic Blast
  1359 | D:4      | Found an iron altar of Okawaru.
  1384 | D:5      | Found Ifeka's General Store.
  1395 | D:5      | Bought a scroll of identify for 28 gold pieces
  1397 | D:5      | Mulzaro: lol
  1472 | D:6      | Noticed a sky beast
  1477 | D:6      | Killed a sky beast
  1477 | D:6      | Acquired Sif Muna's first power
  1477 | D:6      | Reached skill level 6 in Conjurations
  1477 | D:6      | Reached XP level 6. HP: 41/41 MP: 3/13
  1483 | D:6      | Noticed an ogre
  1501 | D:6      | Killed an ogre
  1501 | D:6      | Reached skill level 1 in Invocations
  1553 | D:6      | Gained mutation: Your spells are a little harder to cast, but a little more powerful. [potion of mutation]
  1553 | D:6      | Gained mutation: You have large cloven feet. [potion of mutation]
  1553 | D:6      | Gained mutation: You are weak. (Str -2) [potion of mutation]
  1554 | D:6      | POWER!
  1567 | D:6      | Reached XP level 7. HP: 34/46 MP: 8/15
  1569 | D:6      | Noticed an ogre
  1573 | D:6      | Killed an ogre
  1614 | D:5      | Found Zeisarr's Book Shop.
  1614 | D:5      | Noticed a giant frog
  1614 | D:5      | Noticed Edmund
  1629 | D:6      | Torious: any idea how much power it adds? as compared to archmagi or so
  1641 | D:6      | 4tharraofdagon: i never looked up into this
  1641 | D:6      | 4tharraofdagon: i think its 25% enchanceer
  1641 | D:6      | 4tharraofdagon: but not sure
  1646 | D:6      | Torious: k
  1681 | D:6      | Mulzaro: wut?
  1683 | D:6      | Mulzaro: what did I miss?
  1795 | D:6      | Torious: wild magic mut
  1803 | D:6      | Mulzaro: ah
  1888 | D:7      | Reached XP level 8. HP: 50/52 MP: 12/18
  1927 | D:7      | Mulzaro: magic dart + sphere is so awesome combo in the early game, in midgame too actually.
  1940 | D:7      | Reached skill level 7 in Conjurations
  2034 | D:7      | Reached skill level 5 in Invocations
  2071 | D:7      | Found a staircase to the Ecumenical Temple.
  2192 | D:8      | 4tharraofdagon: prism worth effort?
  2192 | D:8      | Torious: no idea
  2192 | D:8      | 4tharraofdagon: it takes hexes
  2229 | D:8      | Gained mutation: Your digestive system is specialised to digest meat. [mutagenic meat]
  2230 | D:8      | Gained mutation: You are resistant to hostile enchantments. [mutagenic meat]
  2240 | D:8      | Torious: training hexes is probably bad for sif gifts
  2341 | D:8      | Mulzaro: It's a big radius aoe though, but quite gimmick.
  2378 | D:8      | Reached skill level 5 in Spellcasting
  2509 | D:9      | Acquired Sif Muna's second power
  2549 | D:9      | Mulzaro: but the best thing about it is that it looks awesome!
  2561 | D:9      | Reached XP level 9. HP: 48/57 MP: 9/21
  2666 | D:9      | Noticed Erolcha
  2672 | D:9      | Killed Erolcha
  2672 | D:9      | Reached skill level 8 in Conjurations
  2967 | D:10     | Entered Level 10 of the Dungeon
  2967 | D:10     | Noticed a hill giant
  2973 | D:10     | Killed a hill giant
  2973 | D:10     | Reached XP level 10. HP: 61/63 MP: 3/24
  3011 | D:10     | Reached skill level 9 in Invocations
  3029 | D:9      | HP: 2/63 [it/orb of energy (34)]
  3032 | D:9      | Killed from afar by Erica

Action                   |  1- 3 |  4- 6 |  7- 9 | 10-12 || total
-------------------------+-------+-------+-------+-------++-------
Melee: Dagger            |    12 |       |       |       ||    12
       Trident           |    14 |       |       |       ||    14
       Short sword       |    19 |    29 |     8 |     1 ||    57
Throw: Dart              |     1 |       |       |       ||     1
 Cast: Magic Dart        |    46 |    59 |   137 |    10 ||   252
       Iskenderun's Batt |       |     4 |    28 |     2 ||    34
       Iskenderun's Myst |       |       |    13 |     3 ||    16
Invok: Channel Energy    |       |    11 |    76 |     9 ||    96
Evoke: Wand              |       |     7 |     4 |     2 ||    13
  Use: Scroll            |     1 |     8 |     4 |     1 ||    14
       Potion            |       |     1 |       |     2 ||     3
 Stab: Sleeping          |     1 |       |       |       ||     1
       Paralysed         |       |       |     2 |       ||     2
